 Dungeon Crawl Stone Soup version 0.30-a0-1075-gcd70e7a56d (webtiles) character file.

Game seed: 12690339724006751499

66 kae the Insei (level 3, 0/26 HPs)
             Began as a Demonspawn Transmuter on Apr 14, 2023.
             Slain by a gnoll
             ... wielding a +0 spear
              (3 damage)
             ... on level 2 of the Dungeon.
             The game lasted 00:02:04 (1307 turns).

kae the Insei (Demonspawn Transmuter)               Turns: 1307, Time: 00:02:05

Health: 0/26       AC:  7    Str: 10    XL:     3   Next: 96%
Magic:  4/6        EV: 10    Int: 16    God:
Gold:   101        SH:  0    Dex: 13    Spells: 1/7 levels left

rFire   . . .      SeeInvis .      - Unarmed
rCold   . . .      Faith    .    (no shield)
rNeg    . . .      Spirit   .    i - +0 swamp dragon scales
rPois   +          Reflect  .    (no helmet)
rElec   .          Rampage  .    (no cloak)
rCorr   .                        (no gloves)
Will    .....                    (no boots)
Stlth   +                        (no amulet)
HPRegen 0.24/turn                (no ring)
MPRegen 0.10/turn                (no ring)

@: no status effects
A: claws 2
a: no special abilities


You were on level 2 of the Dungeon.
You visited 1 branch of the dungeon, and saw 2 of its levels.

You collected 101 gold pieces.


Innate Abilities, Weirdness & Mutations

You have very sharp fingernails.


   Skills:
 - Level 1.0 Fighting
 - Level 1.7 Dodging
 + Level 3.1 Unarmed Combat
 + Level 2.5 Spellcasting
 * Level 2.9 Transmutations
 * Level 1.0 Poison Magic


You had one spell level left.
You knew the following spells:

 Your Spells              Type           Power      Damage    Failure   Level
a - Beastly Appendage     Tmut           22%        N/A       16%         1
b - Wereblood             Tmut           11%        N/A       24%         2
c - Spider Form           Tmut/Pois      8%         N/A       56%         3

Your spell library contained the following spells:

 Spells                   Type           Power      Damage    Failure   Level
 Gell's Gravitas          Tloc           2%         N/A       83%         3
 Teleport Other           Tloc           2%         N/A       83%         3
 Ice Form                 Ice/Tmut       6%         N/A       95%         4
 Dispersal                Tloc           1%         N/A       100%        6
 Simulacrum               Ice/Necr       1%         N/A       100%        6
 Ozocubu's Refrigeration  Ice            1%         4d7       100%        7
 Polar Vortex             Ice            1%         N/A       100%        9

Inventory:

Missiles
 c - 17 stones
Armour
 a - a +0 robe
 i - +0 swamp dragon scales (worn)
   (You found it on level 2 of the Dungeon)
Scrolls
 e - a scroll of enchant weapon {unknown}
 f - a scroll of identify {unknown}
 g - a scroll of torment {unknown}
 h - a scroll of brand weapon {unknown}
Potions
 b - a potion of lignification {!q}
 d - a potion of mutation {unknown}

Dungeon Overview and Level Annotations

Branches:
Dungeon (2/15) Zot: 10695

Altars:

Shops:
D:1

[ g.g.......
#.#
#.............
.........! #.#
#.............
?.g...r... #.#
#.............
g......... #.#
.......... #.#
...w...... #.#
.......... #.#
#.##########.
#..gg@..)....
##########...


You could see 2 gnolls.


Message History

😎 MP[-3]
You lost 3 mp, and now have 2/6 mp.
Your transformation is almost over.
Casting: Spider Form (astonishingly dangerous; 63% risk of failure)
Confirm with . or Enter, or press ? or * to list all spells.
The spell is quite dangerous to miscast (26% risk of failure)!
Continue anyway? [Y]es or [N]o only, please.
The spell is quite dangerous to miscast (26% risk of failure)!
Continue anyway?
Okay, then.
Casting: Wereblood (quite dangerous; 26% risk of failure)
Confirm with . or Enter, or press ? or * to list all spells.
The spell is quite dangerous to miscast (26% risk of failure)!
Continue anyway? [Y]es or [N]o only, please.
The spell is quite dangerous to miscast (26% risk of failure)!
Continue anyway?
You miscast Wereblood.
Nothing appears to happen. 😎 MP[-2]
You lost 2 mp, and now have 0/6 mp.
The worm bites you. 😕 HP[-4]
You take 4 damage, and now have 22/26 hp.
You claw the worm! Your headbutt misses the worm. You scratch the worm.
Your headbutt misses the worm. The worm barely misses you.
You scratch the worm but do no damage. 😕 HP[+1] MP[+1]
You scratch the worm.
You kill the worm!
You closely miss the gnoll. The gnoll barely misses you.
You scratch the gnoll but do no damage. The gnoll barely misses you.
You closely miss the gnoll. You claw the gnoll, but do no damage.
The gnoll hits you with a +0 club.
You scratch the gnoll. You claw the gnoll, but do no damage.
Your headbutt misses the gnoll. The gnoll hits you with a +0 club.
You closely miss the gnoll. Your headbutt misses the gnoll.
Your horns disappear.
Your talons disappear.
The gnoll hits you with a +0 club. 😮 HP[-8]
You take 8 damage, and now have 15/26 hp.
MASSIVE DAMAGE!! (PAUSE)
You barely miss the gnoll. You scratch the gnoll but do no damage.
You claw the gnoll. The gnoll closely misses you. 😮 HP[+1]
You scratch the gnoll. You claw the gnoll.
You kill the gnoll!
Your magical contamination has completely faded away. 😮 MP[+1]
You scratch the gnoll but do no damage. The gnoll barely misses you. x2
Unknown command.
You claw the gnoll! The gnoll misses you. x2
You barely miss the gnoll. The gnoll hits you with a +0 flail.
* * * LOW HITPOINT WARNING * * *
The gnoll barely misses you. 😨 HP[-6]
You take 6 damage, and now have 10/26 hp.
MASSIVE DAMAGE!! (PAUSE)
You scratch the gnoll.
You kill the gnoll!
Your Poison Magic skill increases to level 1! 😨 HP[+1] 😨 HP[+1] 😨 MP[+1] 😨 HP[+1] 😮 HP[+1]
A ball python comes into view.
The ball python hisses angrily.
The ball python bites you but does no damage.
The ball python grabs you. The ball python constricts you.
You closely miss the ball python. The ball python barely misses you.
The ball python constricts you.
You scratch the ball python.
The ball python bites you but does no damage.
The ball python constricts you. 😮 HP[+1] MP[+1]
You claw the ball python!
You kill the ball python!
The gnoll closely misses you.
Unknown command.
You see here a ball python corpse.
You barely miss the gnoll. The gnoll hits you with a +0 flail.
The gnoll hits you from afar with a +0 spear.
* * * LOW HITPOINT WARNING * * *
😨 HP[-3]
You take 3 damage, and now have 12/26 hp.
You closely miss the gnoll. The gnoll closely misses you.
The gnoll hits you from afar with a +0 spear.
* * * LOW HITPOINT WARNING * * *
😨 HP[-4]
You take 4 damage, and now have 8/26 hp.
Unknown command.
You scratch the gnoll but do no damage. The gnoll completely misses you.
The gnoll hits you from afar with a +0 spear.
* * * LOW HITPOINT WARNING * * *
😱 HP[-5]
You take 5 damage, and now have 3/26 hp.
You claw the gnoll! The gnoll completely misses you.
The gnoll hits you from afar with a +0 spear.
You die...

Skill      XL: |  1  2  3 |
---------------+----------+-----
Transmutations | 2 |  2.9
Unarmed Combat | 3 |  3.1
Poison Magic   | 1 |  1.0
Fighting       | |  1.0
Dodging        | |  1.7
Spellcasting   | |  2.5

Action                     || total
---------------------------++-------
  Melee: Unarmed           ||    87
         Kick              ||    11
         Punch             ||     3
         Headbutt          ||     5
   Cast: Beastly Appendage ||    17
         Wereblood         ||     1
 Armour: Robe              ||    25
         Swamp dragon scal ||     3
  Dodge: Dodged            ||    64

Levels and vault maps discovered:
D:1:      elethiomel_arrival_maze, layout_basic,
          chequers_ecumenical_altar_simple, serial_shops, shop
D:2:      layout_basic, minmay_heptomino_d4

Notes
Turn   | Place    | Note
-------+----------+-------------------------------------------
     0 | D:1      | kae the Demonspawn Transmuter began the quest for the Orb.
     0 | D:1      | Reached XP level 1. HP: 15/15 MP: 3/3
     0 | D:1      | magus.rc [v1.11.3]
   285 | D:1      | Reached skill level 2 in Transmutations
   313 | D:1      | Found a faded altar of an unknown god.
   332 | D:1      | You feel monstrous as your demonic heritage exerts itself.
   332 | D:1      | Discovered your monstrous ancestry.
   332 | D:1      | Gained mutation: You have sharp fingernails. [demonic
                  | ancestry]
   332 | D:1      | Reached XP level 2. HP: 19/21 MP: 3/5
   587 | D:1      | Found Wewnuzi's Antique Armour Emporium.
   877 | D:1      | You add the spells Gell's Gravitas, Teleport Other and
                  | Dispersal to your library.
  1054 | D:1      | Learned a level 2 spell: Wereblood
  1122 | D:2      | Reached skill level 3 in Unarmed Combat
  1122 | D:2      | Gained mutation: You have very sharp fingernails. [demonic
                  | ancestry]
  1122 | D:2      | Reached XP level 3. HP: 24/26 MP: 4/6
  1126 | D:2      | You pick up a book of Ice and begin reading...
  1126 | D:2      | You add the spells Simulacrum, Ozocubu's Refrigeration and
                  | Polar Vortex to your library.
  1131 | D:2      | Learned a level 3 spell: Spider Form
  1284 | D:2      | Reached skill level 1 in Poison Magic
  1306 | D:2      | HP: 3/26 [gnoll/+0 spear (5)]
  1307 | D:2      | Slain by a gnoll

Vanquished Creatures
  2 gnolls (D:2)
  An adder (D:2)
  2 worms (D:2)
  3 bats
  4 endoplasms
  2 giant cockroaches
  2 goblins
  A hobgoblin (D:1)
  4 jackals
  A quokka (D:1)
  3 ball pythons
  A frilled lizard (D:1)
  2 kobolds (D:1)
  3 rats
31 creatures vanquished.

Table legend:
 A = Non-vault XP
 B = Vault XP
 C = Vault XP percentage of total XP
 D = Non-vault monster count
 E = Vault monster count
 F = Vault count percentage of total count
                 A         B        C        D         E       F
            +---------+---------+-------+---------+---------+-------
      Total |      86 |       9 |   9.5 |      28 |       3 |   9.7
            +---------+---------+-------+---------+---------+-------
        D:1 |      25 |       0 |   0.0 |      15 |       0 |   0.0
        D:2 |      61 |       9 |  12.9 |      13 |       3 |  18.8
            +---------+---------+-------+---------+---------+-------

Illustrated notes

Table legend:
 A = Kills in this place as a percentage of kills in the entire game.
 B = Kills by you in this place as a percentage of kills by you in the entire game.
 C = Kills by friends in this place as a percentage of kills by friends in the entire game.
 D = Other kills in this place as a percentage of other kills in the entire game.
 E = Experience gained in this place as a percentage of experience gained in the entire game.
 F = Experience gained in this place divided by the number of levels of this place that you have seen.
                   A       B       C       D       E      F
               +-------+-------+-------+-------+-------+----------------------
         Total | 100.0 | 100.0 |   N/A |   N/A | 100.0 |  47.5
       Dungeon | 100.0 | 100.0 |   N/A |   N/A | 100.0 |  47.5
               +-------+-------+-------+-------+-------+----------------------

Table legend: (Time is in decaauts)
 A = Elapsed time spent in this place.
 B = Non-inter-level travel time spent in this place.
 C = Inter-level travel time spent in this place.
 D = Time resting spent in this place.
 E = Time spent auto-exploring this place.
 F = Levels seen in this place.
 G = Mean time per level.
                   A        B        C        D        E       F      G
               +--------+--------+--------+--------+--------+-----+--------+
         Total |   1303 |   1250 |     53 |     25 |    968 |   2 |  651.5 |
       Dungeon |   1303 |   1250 |     53 |     25 |    968 |   2 |  651.5 |
               +--------+--------+--------+--------+--------+-----+--------+

Top non-repeatable levels by time:
     D:1: 1077 daAuts
     D:2: 226 daAuts
